 Dungeon Crawl Stone Soup version 0.19-a0-1686-g35356ef (webtiles) character file.

82 MistressOfTheDunes the Insei (level 4, -11/35 HPs)
             Began as a Mummy Monk on Sept 25, 2016.
             Killed by divine providence
             ... invoked by an orc priest
              (14 damage)
             ... on level 3 of the Dungeon.
             The game lasted 00:01:54 (2739 turns).

MistressOfTheDunes the Insei (Mummy Monk)           Turns: 2739, Time: 00:01:55

Health: -11/35     AC:  1    Str: 14    XL:     4   Next: 21%
Magic:  4/4        EV: 13    Int:  9    God:
Gold:   61         SH:  0    Dex: 15    Spells: 0 memorised, 3 levels left

rFire  x . .     SeeInvis .       - Unarmed
rCold  + . .     Gourm    .     (no armour)
rNeg   + + +     Faith    .     (no shield)
rPois  ∞         Spirit   .     (no helmet)
rElec  .         Dismiss  .     (no cloak)
rCorr  .         Reflect  .     (no gloves)
MR     .....     Harm     .     (no boots)
Stlth  ++........               (no amulet)
                                (no ring)
                                (no ring)

@: no status effects
A: no food or potions, fire vulnerability, cold resistance 1, negative energy
resistance 3, torment resistance, unbreathing
a: no special abilities


You were on level 3 of the Dungeon.
You were not hungry.

You visited 1 branch of the dungeon, and saw 3 of its levels.

You collected 61 gold pieces.


Innate Abilities, Weirdness & Mutations

You do not eat or drink.
Your flesh is vulnerable to fire.
You are immune to poison.
Your flesh is cold resistant. (rC+)
You are immune to negative energy. (rN+++)
You are immune to unholy pain and torment.
You can survive without breathing.


   Skills:
 - Level 3.0 Fighting
 - Level 2.4 Dodging
 - Level 1.5 Stealth
 + Level 4.2 Unarmed Combat


You had 3 spell levels left.
You didn't know any spells.

Inventory:

Scrolls
 a - 3 scrolls of remove curse
 b - a scroll of identify {unknown}
 c - 2 scrolls of random uselessness
 d - a scroll of fear {unknown}
 e - a scroll of amnesia {unknown}
 f - a scroll of noise {unknown}

Dungeon Overview and Level Annotations

Branches:
Dungeon (3/15)

Altars:
Elyvilon

..▒▒▒▒▒▒▒.▒▒▒▒>.▒....▒.▒...▒
. ▒.▒ ▒▒......o.▒o▒....▒ .
▒▒▒.▒ ▒.▒...▒o▒▒o▒ ▒▒.▒ .▒
▒...▒ ▒▒.....▒.▒▒)▒ .
..▒▒▒▒▒.▒▒▒ ▒......▒o▒▒o▒
...†.....▒▒▒▒▒.....▒▒.▒▒..
.................[▒▒▒.▒...
.........▒▒▒▒.)...▒▒▒o▒....
▒▒.▒▒▒▒▒▒▒▒.<...Mo....▒....
▒..▒▒ ▒▒▒.........▒▒.......
▒▒..▒▒▒......▒.▒▒.▒▒.▒.....
▒▒.▒..........▒▒.▒▒.▒.....
▒!...▒▒.▒.▒▒▒▒▒▒.▒▒.▒ ....
▒..▒.▒▒.▒.▒ ▒.▒▒.▒ ....
.(.....▒▒.▒.▒ ▒£.▒!▒ ▒▒▒
..▒▒.▒▒▒..▒.▒ ▒▒. .▒ .. ▒.▒
.▒▒.▒


You could see an orc priest and an orc.


Message History

You annihilate the jackal!!!
You pulverise the jackal!
You annihilate the jackal!!!
You barely miss the jackal! You punch the jackal!
The jackal is moderately wounded!
The jackal misses you!
You squash the jackal but do no damage!
The jackal is moderately wounded!
The jackal barely misses you! The jackal bites you!
The orc priest casts a cantrip, but nothing happens!
You pummel the jackal like a punching bag!
You annihilate the jackal!!!
You barely miss the orc! The orc closely misses you!
You pummel the orc but do no damage! The orc closely misses you!
You beat the orc but do no damage!
You beat the orc into a bloody pulp!!!
You annihilate the orc!!!
You see here a rapier!
The orc priest mumbles some strange prayers to Beogh against you!
Beogh smites you!!! * * * don't die
* * * You hear an angry hiss!
The orc priest mumbles some strange prayers to Beogh against you!
Beogh smites you!!! * * * don't die
* * *
Found a bubbling brown potion!
Found 6 gold pieces!
The orc priest invokes the aid of Beogh against you!
Beogh smites you!!! rip

Action                   |  1- 3 |  4- 6 || total
-------------------------+-------+-------++-------
Melee: Unarmed           |   180 |    23 ||   203
       Punch             |     2 |     1 ||     3
  Use: Scroll            |     2 |       ||     2
 Stab: Sleeping          |     5 |       ||     5
       Distracted        |     2 |       ||     2
Armor: Skin              |    26 |     1 ||    27
Dodge: Dodged            |   128 |     9 ||   137

Vault maps used:
D:1:      matt_arrival_los_fun
D:2:      elyvilon_altar_5
D:3:      nemelex_dance_club_becter

Notes
Turn   | Place    | Note
-------+----------+-------------------------------------------
     0 | D:1      | MistressOfTheDunes the Mummy Monk began the quest for the Orb.
     0 | D:1      | Reached XP level 1. HP: 18/18 MP: 1/1
    42 | D:1      | HP: 1/18 [hobgoblin/club (7)]
   526 | D:1      | Reached XP level 2. HP: 10/24 MP: 2/2
   528 | D:1      | Reached skill level 3 in Unarmed Combat
  1407 | D:2      | Reached XP level 3. HP: 25/29 MP: 3/3
  2421 | D:2      | Found a white marble altar of Elyvilon.
  2520 | D:2      | Reached skill level 4 in Unarmed Combat
  2520 | D:2      | Reached XP level 4. HP: 16/35 MP: 4/4
  2733 | D:3      | HP: 3/35 [orc priest/divine providence (14)]
  2739 | D:3      | Killed from afar by an orc priest

Vanquished Creatures
  2 adders (D:2)
  An ooze (D:2)
  A worm (D:2)
  A dart slug (D:1)
  2 leopard geckos (D:2)
  An orc (D:3)
  A ball python (D:3)
  7 bats
  2 giant cockroaches
  2 goblins
  4 hobgoblins
  10 jackals
  4 kobolds
  A quokka (D:2)
  A frilled lizard (D:2)
  9 rats
49 creatures vanquished.
